 Dungeon Crawl Stone Soup version 0.23.2 (webtiles) character file.

Game seed: 11612239456250441871

29 HuneSparrow the Covered (level 3, -6/33 HPs)
             Began as a Minotaur Fighter on Apr 4, 2019.
             Killed from afar by an orc wizard (11 damage)
             ... with a puff of flame
             ... on level 4 of the Dungeon.
             The game lasted 00:02:15 (898 turns).

HuneSparrow the Covered (Minotaur Fighter)           Turns: 898, Time: 00:02:15

Health: -6/33      AC:  8    Str: 26    XL:     3   Next: 1%
Magic:  2/2        EV:  7    Int:  5    God:
Gold:   96         SH: 10    Dex:  9    Spells: 2/2 levels left

rFire    . . .     SeeInvis .   a - +0 long sword
rCold    . . .     Gourm    .   c - +0 shield
rNeg     . . .     Faith    .   b - +0 scale mail
rPois    .         Spirit   .   (helmet restricted)
rElec    .         Reflect  .   (no cloak)
rCorr    .         Harm     .   (no gloves)
MR       .....                  j - +0 pair of boots
Stlth    ..........             (no amulet)
HPRegen  0.11/turn              (no ring)
MPRegen  0.08/turn              (no ring)

@: mighty
A: retaliatory headbutt, horns 2
a: no special abilities


You were on level 4 of the Dungeon.
You were not hungry.

You visited 1 branch of the dungeon, and saw 3 of its levels.

You collected 96 gold pieces.

Inventory:

Hand Weapons
 a - a +0 long sword (weapon)
Armour
 b - a +0 scale mail (worn)
 c - a +0 shield (worn)
 j - a +0 pair of boots (worn)
Scrolls
 e - 2 scrolls of enchant armour {unknown}
 g - 3 scrolls of amnesia {unknown}
 i - a scroll of fear {unknown}
 m - a scroll of teleportation {unknown}
 n - a scroll of enchant weapon {unknown}
Potions
 h - a potion of invisibility {unknown}
 k - a potion of lignification {unknown}
 l - a potion of agility {unknown}
Comestibles
 f - a ration
 o - 5 chunks of flesh


   Skills:
 + Level 4.0 Fighting
 + Level 2.6 Long Blades
 + Level 4.3 Armour
 + Level 4.0 Shields


You had 2 spell levels left.
You didn't know any spells.
Your spell library was empty.

Dungeon Overview and Level Annotations

Branches:
Dungeon (2/15)

Altars:


Innate Abilities, Weirdness & Mutations

You reflexively headbutt those who attack you in melee.
You have a pair of horns on your head.


Message History

You have reached level 3!
Your experience leads to an increase in your attributes!
Increase (S)trength, (I)ntelligence, or (D)exterity?
You feel stronger. The leopard gecko barely misses you.
You riposte.
You hit the leopard gecko.
The leopard gecko is heavily wounded.
You block the leopard gecko's attack.
You feel very mighty all of a sudden. Something hits you but does no damage.
You block the leopard gecko's attack. The orc hits you but does no damage.
Something hits you but does no damage.
You closely miss the leopard gecko. Your headbutt misses the leopard gecko.
The leopard gecko is moderately wounded.
Something hits you but does no damage.
The leopard gecko bites you but does no damage.
The orc hits you with a +0 club.
* * * LOW HITPOINT WARNING * * *
You hear some strange, mumbled words.
A puff of flame appears from out of thin air!
The puff of flame hits you!
You die...

###### #######
#..!.# ......###
#....# ........#
#....#
........####....#
####.......#....#
#.......#...a#
#.......#...l##
+.......'..o)@#
#.......#...o##
#....##.######
####....##+##
..............
..............
..............
.............(
..............


You could see a worker ant, 2 orcs and a leopard gecko.

Vanquished Creatures
  3 leopard geckos
  An orc (D:4)
  3 bats (D:1)
  2 giant cockroaches
  2 hobgoblins
  A frilled lizard (D:1)
  A goblin (D:1)
  9 kobolds
  3 rats (D:1)
25 creatures vanquished.

Notes
Turn   | Place    | Note
-------+----------+-------------------------------------------
     0 | D:1      | HuneSparrow the Minotaur Fighter began the quest for the
                  | Orb.
     0 | D:1      | Reached XP level 1. HP: 19/19 MP: 0/0
   200 | D:1      | Reached XP level 2. HP: 22/27 MP: 1/1
   823 | D:2      | You fall through a shaft for 2 floors!
   896 | D:4      | Reached XP level 3. HP: 6/33 MP: 2/2
   898 | D:4      | Killed from afar by an orc wizard

Skill      XL: |  1  2 |
---------------+-------+-----
Armour         | 4 |  4.3
Fighting       | 4 |  4.0
Shields        | 4 |  4.0
Long Blades    | |  2.6

Action                   || total
-------------------------++-------
Melee: Long sword        ||    49
       Headbutt          ||    11
  Use: Potion            ||     1
Armor: Scale mail        ||    39
Dodge: Dodged            ||    19
Block: Shield            ||    39
       Rpst.: Long sword ||     9
